 Dungeon Crawl Stone Soup version 0.31-a0-164-g2312942fda (webtiles) character file.

Game seed: 13499879340415219148

182 qw the Shooter (level 5, -1/49 HPs)
             Began as a Naga Hunter on June 13, 2023.
             Slain by a sleepcap (4 damage)
             ... on level 4 of the Dungeon.
             The game lasted 00:00:54 (2084 turns).

qw the Shooter (Naga Hunter)                        Turns: 2084, Time: 00:00:54

Health: -1/49      AC:  4    Str: 13    XL:     5   Next: 62%
Magic:  5/5        EV:  9    Int:  9    God:
Gold:   164        SH:  0    Dex: 17    Spells: 4/4 levels left

rFire   . . .        Y - +0 shortbow
rCold   . . .        (shield currently unavailable)
rNeg    . . .        c - +0 leather armour
rPois   +            (no helmet)
rElec   .            (no cloak)
rCorr   .            g - +0 pair of gloves
SInv    +            (no barding)
Will    .....        (no amulet)
Stlth   ++           (no ring)
HPRegen 0.28/turn    (no ring)
MPRegen 0.09/turn

%: no passive effects
@: about to teleport, very slow
A: AC +1, large, see invisible, deformed body, poison resistance, slowness 2,
spit poison 1, naga tail 1
a: Spit Poison


You were on level 4 of the Dungeon.
You visited 1 branch of the dungeon, and saw 4 of its levels.

You collected 164 gold pieces.


Innate Abilities, Weirdness & Mutations

Your serpentine skin is tough. (AC +1)
You have supernaturally acute eyesight. (SInv)
Armour fits poorly on your strangely shaped body.
Your system is resistant to poisons. (rPois)
You cover ground very slowly.
You can spit poison.
You have a snake-like lower body.


   Skills:
 - Level 3.1 Fighting
 + Level 5.6 Ranged Weapons
 - Level 1.5 Dodging
 - Level 1.5 Stealth


You had 4 spell levels left.
You didn't know any spells.
Your spell library was empty.

Inventory:

Hand Weapons
 Y - a +0 shortbow (weapon)
Armour
 c - a +0 leather armour (worn)
 g - a +0 pair of gloves (worn)
Scrolls
 a - a scroll of teleportation
Potions
 b - a potion of haste {unknown}
 d - a potion of degeneration {unknown}
 f - a potion of mutation {unknown}
 i - a potion of heal wounds
 j - a potion of cancellation {unknown}

Dungeon Overview and Level Annotations

Branches:
Dungeon (4/15)
 Temple: D:4-7

Altars:


Message History

The sleepcap releases spores at you.
You are engulfed in a cloud of soporific spores!
You are unaffected.
The sleepcap releases spores at you.
You are engulfed in a cloud of soporific spores!
You are unaffected.
You shoot an arrow. The arrow hits the sleepcap.
The sleepcap is moderately damaged.
The sleepcap closely misses you.
You shoot an arrow. The arrow hits the sleepcap.
The sleepcap is heavily damaged.
The sleepcap barely misses you.
You shoot an arrow.
The arrow hits the sleepcap but does no damage.
The sleepcap is heavily damaged.
The sleepcap releases spores at you.
You are engulfed in a cloud of soporific spores!
You fall asleep.
The sleepcap releases spores at you.
You wake up.
You are engulfed in a cloud of soporific spores!
You are unaffected.
You shoot an arrow.
The arrow hits the sleepcap but does no damage.
The sleepcap is heavily damaged.
The sleepcap barely misses you.
You shoot an arrow. The arrow hits the sleepcap.
The sleepcap is severely damaged.
The sleepcap barely misses you.
You shoot an arrow. The arrow hits the sleepcap.
The sleepcap is severely damaged.
The sleepcap barely misses you.
You shoot an arrow. The arrow hits the sleepcap.
The sleepcap is severely damaged.
The sleepcap releases spores at you.
You are engulfed in a cloud of soporific spores!
You fall asleep.
The sleepcap releases spores at you!
You wake up.
2084 ||| READING 2 scrolls of teleportation.
As you read the scroll of teleportation, it crumbles to dust.
You feel strangely unstable. The sleepcap releases spores at you.
You die...

### #.#..#
..####.#..# #. ..
..##......# #.#.#
#.##).....## #.#.#
...........# #.#.#
..##.......####.#.###
.(##............#...
..######...####.f.#
...........# #@.#
..##.###.#.######.#
..# #.#........# ..#
##.#.###....##+##.
.....###..........#
...............####
###.#.###.......#
#.#.............#
..#####.......#.#


You could see a sleepcap.

Vanquished Creatures
  A jelly (D:4)
  Jessica (D:2)
  6 adders
  3 worms
  2 dart slugs
  8 bats
  3 endoplasms
  2 giant cockroaches (D:1)
  7 goblins
  3 hobgoblins
  A quokka (D:2)
  4 ball pythons
  3 frilled lizards
  12 kobolds
  9 rats
65 creatures vanquished.

Notes
Turn   | Place    | Note
-------+----------+-------------------------------------------
     0 | D:1      | qw the Naga Hunter began the quest for the Orb.
     0 | D:1      | Reached XP level 1. HP: 19/19 MP: 1/1
     0 | D:1      | 0 ||| qw: Version: 0.2-a-29-gc1b59c4
     0 | D:1      | 0 ||| qw: Game counter: 4553
     0 | D:1      | 0 ||| qw: Always use a shield: true
     0 | D:1      | 0 ||| qw: God list: Okawaru
     0 | D:1      | 0 ||| qw: Allow faded altars: false
     0 | D:1      | 0 ||| qw: Do Orc after D:15 true
     0 | D:1      | 0 ||| qw: Do second Lair branch before Depths: true
     0 | D:1      | 0 ||| qw: Lair rune preference: random
     0 | D:1      | 0 ||| qw: Plans: Normal
     0 | D:1      | 0 ||| PLANNING D:1-11
    10 | D:1      | 10 ||| INVOKING Spit Poison.
    16 | D:1      | 16 ||| INVOKING Spit Poison.
    36 | D:1      | 36 ||| INVOKING Spit Poison.
    51 | D:1      | 51 ||| INVOKING Spit Poison.
    59 | D:1      | 59 ||| INVOKING Spit Poison.
    63 | D:1      | Reached skill level 4 in Ranged Weapons
    63 | D:1      | Reached XP level 2. HP: 26/26 MP: 2/2
    64 | D:1      | 64 ||| INVOKING Spit Poison.
    65 | D:1      | 65 ||| INVOKING Spit Poison.
    70 | D:1      | 70 ||| INVOKING Spit Poison.
   118 | D:1      | 118 ||| INVOKING Spit Poison.
   140 | D:1      | 140 ||| INVOKING Spit Poison.
   209 | D:1      | 209 ||| INVOKING Spit Poison.
   219 | D:1      | 219 ||| INVOKING Spit Poison.
   220 | D:1      | 220 ||| Stepping ~*~*~tactically~*~*~ (outnumbered).
   224 | D:1      | 224 ||| INVOKING Spit Poison.
   250 | D:1      | Found a faded altar of an unknown god.
   364 | D:1      | 364 ||| DROPPING amulet of magic regeneration.
   365 | D:1      | 365 ||| DRINKING 2 clear potions.
   469 | D:1      | 469 ||| DROPPING scroll of butterflies.
   470 | D:1      | 470 ||| DROPPING potion of berserk rage.
   499 | D:2      | 499 ||| INVOKING Spit Poison.
   503 | D:2      | Reached XP level 3. HP: 32/32 MP: 3/3
   505 | D:2      | 505 ||| INVOKING Spit Poison.
   539 | D:2      | 539 ||| INVOKING Spit Poison.
   543 | D:2      | 543 ||| INVOKING Spit Poison.
   586 | D:2      | 586 ||| INVOKING Spit Poison.
   589 | D:2      | 589 ||| INVOKING Spit Poison.
   619 | D:2      | 619 ||| INVOKING Spit Poison.
   628 | D:2      | 628 ||| INVOKING Spit Poison.
   643 | D:2      | 643 ||| INVOKING Spit Poison.
   647 | D:2      | 647 ||| INVOKING Spit Poison.
   652 | D:2      | 652 ||| INVOKING Spit Poison.
   856 | D:2      | 856 ||| INVOKING Spit Poison.
   857 | D:2      | Reached skill level 5 in Ranged Weapons
   861 | D:2      | Reached XP level 4. HP: 39/39 MP: 4/4
   868 | D:2      | 868 ||| INVOKING Spit Poison.
   872 | D:2      | 872 ||| INVOKING Spit Poison.
   877 | D:2      | 877 ||| INVOKING Spit Poison.
   889 | D:2      | 889 ||| INVOKING Spit Poison.
   894 | D:2      | Noticed Jessica
   897 | D:2      | 897 ||| INVOKING Spit Poison.
   900 | D:2      | 900 ||| INVOKING Spit Poison.
   904 | D:2      | 904 ||| INVOKING Spit Poison.
   910 | D:2      | 910 ||| INVOKING Spit Poison.
   915 | D:2      | 915 ||| INVOKING Spit Poison.
   915 | D:2      | Killed Jessica
   930 | D:2      | 930 ||| INVOKING Spit Poison.
   935 | D:2      | Reached skill level 3 in Fighting
   938 | D:2      | 938 ||| INVOKING Spit Poison.
   988 | D:2      | 988 ||| INVOKING Spit Poison.
   993 | D:2      | 993 ||| INVOKING Spit Poison.
  1036 | D:2      | 1036 ||| INVOKING Spit Poison.
  1129 | D:2      | 1129 ||| INVOKING Spit Poison.
  1130 | D:2      | Reached XP level 5. HP: 49/49 MP: 5/5
  1153 | D:2      | 1153 ||| INVOKING Spit Poison.
  1190 | D:2      | 1190 ||| INVOKING Spit Poison.
  1277 | D:2      | 1277 ||| READING 2 scrolls labelled JUTAJY BOORPH.
  1280 | D:2      | 1280 ||| READING scroll labelled POESHO NUIW.
  1281 | D:2      | 1281 ||| READING scroll labelled GIUWKY PEYTYU.
  1282 | D:2      | 1282 ||| READING scroll labelled EBUTEY ZEYS.
  1283 | D:2      | 1283 ||| DRINKING 2 fuming sapphire potions.
  1323 | D:2      | 1323 ||| DROPPING potion of lignification.
  1387 | D:3      | 1387 ||| INVOKING Spit Poison.
  1414 | D:3      | 1414 ||| INVOKING Spit Poison.
  1456 | D:3      | 1456 ||| INVOKING Spit Poison.
  1466 | D:3      | 1466 ||| INVOKING Spit Poison.
  1702 | D:3      | 1702 ||| INVOKING Spit Poison.
  1744 | D:3      | 1744 ||| INVOKING Spit Poison.
  1757 | D:3      | 1757 ||| INVOKING Spit Poison.
  1930 | D:3      | 1930 ||| INVOKING Spit Poison.
  1982 | D:3      | 1982 ||| UPGRADING to +0 pair of gloves.
  1987 | D:3      | 1987 ||| READING scroll labelled OGHEYRRO OSELL.
  1988 | D:3      | 1988 ||| DRINKING 2 metallic puce potions.
  1999 | D:4      | 1999 ||| PLANNING OSSUARY
  2033 | D:4      | 2033 ||| INVOKING Spit Poison.
  2083 | D:4      | HP: 3/49 [sleepcap (16)]
  2084 | D:4      | 2084 ||| READING 2 scrolls of teleportation.
  2084 | D:4      | Slain by a sleepcap

Levels and vault maps discovered:
D:1:      dpeg_arrival_leaves_temple_mockup, layout_basic,
          ebering_ecumenical_altar_hall
D:2:      minmay_skewed_foursquare, layout_basic, uniq_jessica
D:3:      layout_basic
D:4:      layout_loops_ring, enter_ossuary_2, minmay_fire_ice_demons

Skill      XL: |  1  2  3  4 |
---------------+-------------+-----
Ranged Weapons | 4 5 |  5.6
Fighting       | 3 |  3.1
Dodging        | |  1.5
Stealth        | |  1.5

Action                     |  1- 3 |  4- 6 || total
---------------------------+-------+-------++-------
   Fire: Shortbow          |    56 |    93 ||   149
Ability: Spit Poison       |    24 |    26 ||    50
    Use: Potion            |     1 |     2 ||     3
         Scroll            |       |     6 ||     6
 Armour: Leather armour    |     8 |     9 ||    17
  Dodge: Dodged            |    14 |    23 ||    37

Table legend:
 A = Non-vault XP
 B = Vault XP
 C = Vault XP percentage of total XP
 D = Non-vault monster count
 E = Vault monster count
 F = Vault count percentage of total count
                 A         B        C        D         E       F
            +---------+---------+-------+---------+---------+-------
      Total |     216 |      45 |  17.2 |      59 |       6 |   9.2
            +---------+---------+-------+---------+---------+-------
        D:1 |      31 |       0 |   0.0 |      21 |       0 |   0.0
        D:2 |      99 |      45 |  31.2 |      24 |       6 |  20.0
        D:3 |      40 |       0 |   0.0 |      12 |       0 |   0.0
        D:4 |      46 |       0 |   0.0 |       2 |       0 |   0.0
            +---------+---------+-------+---------+---------+-------
